 Dungeon Crawl Stone Soup version 0.19.4-8-ga85b6b9 (webtiles) character file.

79 protoss039 the Grave Robber (level 4, -3/30 HPs)
             Began as a Vampire Necromancer on Feb 13, 2017.
             Killed by nerve-wracking pain
             ... invoked by Grinder
              (14 damage)
             ... on level 3 of the Dungeon.
             The game lasted 00:09:03 (1638 turns).

protoss039 the Grave Robber (Vampire Necromancer)   Turns: 1638, Time: 00:09:03

Health: -3/30      AC:  4    Str:  7    XL:     4   Next: 17%
Magic:  7/7        EV: 12    Int: 18    God:
Gold:   92         SH:  0    Dex: 14    Spells: 1 memorised, 7 levels left

rFire  . . .     SeeInvis +     q - +0 whip
rCold  . . .     Gourm    .     l - +0 leather armour
rNeg   . . .     Faith    .     (no shield)
rPois  .         Spirit   .     (no helmet)
rElec  .         Reflect  .     (no cloak)
rCorr  .         Harm     .     p - +0 pair of gloves
MR     .....                    (no boots)
Stlth  ++........               (no amulet)
                                (no ring)
                                (no ring)

@: regenerating quickly
A: fangs 3, see invisible, unbreathing
a: no special abilities


You were on level 3 of the Dungeon.
You were almost alive.

You visited 1 branch of the dungeon, and saw 3 of its levels.

You collected 92 gold pieces.

Inventory:

Hand Weapons
 n - a +0 dagger
 q - a +0 whip (weapon)
Armour
 l - a +0 leather armour (worn)
 p - a +0 pair of gloves (worn)
Jewellery
 a - an uncursed ring of resist corrosion {unknown}
 f - an uncursed ring of magical power {unknown}
Scrolls
 d - a scroll of noise {unknown}
 g - a scroll of identify {unknown}
 h - 2 scrolls of remove curse {unknown}
 i - 5 scrolls of teleportation {unknown}
 k - 2 scrolls of enchant armour {unknown}
 m - 2 scrolls of enchant weapon {unknown}
Potions
 c - 6 potions of blood
 e - a potion of cure mutation {unknown}
 j - a potion of cancellation {unknown}
 o - a potion of degeneration {unknown}
 r - a potion of invisibility {unknown}
Books
 b - a book of Necromancy

   Spells                             Type                      Level
   a - Pain                           Necromancy                   1
   b - Animate Skeleton               Necromancy                   1
   c - Vampiric Draining              Necromancy                   3
   d - Regeneration                   Charms/Necromancy            3
   e - Animate Dead                   Necromancy                   4
   f - Control Undead                 Necromancy                   4


   Skills:
 + Level 0.4 Short Blades
 - Level 2.1 Dodging
 + Level 3.2 Stealth
 + Level 2.6 Spellcasting
 * Level 5.7 Necromancy


You had 7 spell levels left.
You knew the following spells:

 Your Spells              Type           Power        Failure   Level  Hunger
a - Pain                  Necr           ###.         2%          1    #......


Dungeon Overview and Level Annotations

Branches:
Dungeon (3/15)

Altars:
Nemelex Xobeh

Annotations:
D:3 Grinder


Innate Abilities, Weirdness & Mutations

Your natural rate of healing is unusually fast.
You have razor-sharp teeth.
You have supernaturally acute eyesight. (SInv)
You can survive without breathing.


Message History

Grinder is lightly wounded.
Grinder misses you.
You hit Grinder.
Grinder is lightly wounded.
Grinder blinks!
Grinder gestures at you. You resist with significant effort.
You hit Grinder.
Grinder is moderately wounded.
Grinder completely misses you.
You hit Grinder but do no damage.
Grinder is moderately wounded.
Grinder hits you!
Yummy - fresh blood!
Grinder barely misses you.
Okay, then.
You hit Grinder. You bite Grinder.
Grinder is moderately wounded.
Grinder gestures at you. Pain shoots through your body!
You die...

#.#... ### #.#..#
#.# #.. . #.# #.#.#
#####.#####.#.#####
#<#......).........
#.....##.##.######
#.##...#.##5#
#.##.......@######.
..............<....
#.###.##.....#######
#. ......##.# #.
########.# #. #.#
###


You could see Grinder.

Vanquished Creatures
  3 gnolls (D:2)
  An adder (D:2)
  A worm (D:2)
  A dart slug (D:2)
  A leopard gecko (D:2)
  A ball python (D:1)
  2 giant cockroaches (D:1)
  6 goblins
  3 hobgoblins (D:1)
  3 quokkas (D:2)
  5 bats
  3 kobolds
  7 rats
37 creatures vanquished.

Notes
Turn   | Place    | Note
-------+----------+-------------------------------------------
     0 | D:1      | protoss039 the Vampire Necromancer began the quest for the Orb.
     0 | D:1      | Reached XP level 1. HP: 13/13 MP: 3/3
   335 | D:1      | Reached XP level 2. HP: 16/19 MP: 0/5
   458 | D:1      | Reached skill level 5 in Necromancy
   800 | D:2      | Found a sparkling altar of Nemelex Xobeh.
   982 | D:2      | Reached XP level 3. HP: 20/24 MP: 4/6
  1204 | D:2      | Reached XP level 4. HP: 21/30 MP: 0/7
  1619 | D:3      | Noticed Grinder
  1638 | D:3      | Killed from afar by Grinder

Skill      XL: |  1  2 |
---------------+-------+-----
Necromancy     | 5 |  5.7
Short Blades   | |  0.4
Dodging        | |  2.1
Stealth        | |  3.2
Spellcasting   | |  2.6

Action                   |  1- 3 |  4- 6 || total
-------------------------+-------+-------++-------
Melee: Unarmed           |     5 |       ||     5
       Dagger            |     6 |       ||     6
       Bite              |     1 |     1 ||     2
       Whip              |     4 |     7 ||    11
 Cast: Pain              |    55 |    11 ||    66
  Use: Potion            |     8 |     1 ||     9
  Eat: Corpse            |     2 |     2 ||     4
Armor: Leather armour    |     5 |     1 ||     6
Dodge: Dodged            |    18 |     5 ||    23
